[Event "January 2 Early 2024"]
[Site "https://www.chess.com"]
[Date "2024.01.02"]
[Round "6"]
[White "Tharushi, T H D Niklesha"]
[Black "Cornelison, Paul"]
[Result "0-1"]
[Board "195"]
[TimeControl "180+1"]
[WhiteFideId "9918264"]
[BlackFideId "2004186"]
[WhiteElo "2292"]
[BlackElo "1954"]
[WhiteTeam "SRI"]
[BlackTeam "USA"]
[WhiteClock "0:01:07"]
[BlackClock "0:00:15"]

1. e4 e5 2. Nf3 Nf6 3. Nxe5 d6 4. Nf3 Nxe4 5. Nc3 Nxc3 6. dxc3 Be7 7. Bd3 Nc6 8. Bf4 O-O 9. Qd2 Bf6 10. O-O-O Bg4 11. h3 Bxf3 12. gxf3 Ne5 13. Bxe5 Bxe5 14. f4 Bf6 15. Rdg1 c5 16. c4 a5 17. h4 a4 18. h5 h6 19. f3 a3 20. b3 Qa5 21. Qe2 Qc3 22. Qe4 Rfe8 23. Qh7+ Kf8 24. Qh8+ Ke7 25. Qh7 Qb2+ 26. Kd2 Bc3+ 27. Ke2 Kd7+ 28. Kf1 Qc1+ 29. Kg2 Qxf4 30. Qf5+ Qxf5 31. Bxf5+ Kc7 32. Rd1 Re2+ 33. Kg3 Rae8 34. f4 R8e3+ 35. Kh4 Be1+ 36. Rhxe1 Rxe1 37. Rd3 Rh1+ 38. Kg4 Rxd3 39. Bxd3 Ra1 40. Kf5 Rxa2 41. Ke4 Ra1 42. Kd5 Re1 43. f5 Re5# 0-1

[Event "January 2 Early 2024"]
[Site "https://www.chess.com"]
[Date "2024.01.02"]
[Round "6"]
[White "Martin, Lewis"]
[Black "Thake, Conrad"]
[Result "1-0"]
[Board "196"]
[TimeControl "180+1"]
[WhiteFideId "410551"]
[BlackFideId "5602947"]
[WhiteElo "2292"]
[BlackElo "1889"]
[WhiteTeam "ENG"]
[BlackTeam "MLT"]
[WhiteClock "0:00:09"]
[BlackClock "0:00:00"]

1. c4 e5 2. g3 Nc6 3. Nc3 g6 4. Bg2 Bg7 5. e4 d6 6. Nge2 Nge7 7. d3 O-O 8. O-O Be6 9. Nd5 Qd7 10. Be3 f5 11. Qd2 Rae8 12. Bh6 Nd8 13. Bg5 Nxd5 14. cxd5 Bf7 15. Rac1 c6 16. Bxd8 Rxd8 17. dxc6 bxc6 18. exf5 Qxf5 19. Bxc6 Bxa2 20. Ra1 Qe6 21. Nc3 d5 22. Bb5 Bb3 23. Rxa7 e4 24. Ra3 d4 25. Nxe4 Bd5 26. Re1 Qg4 27. Qe2 Qf5 28. Ra5 Qf7 29. Ng5 Qf6 30. f4 Rfe8 31. Ne4 Bxe4 32. dxe4 d3 33. Bxd3 Qd4+ 34. Kf1 Qxd3 35. Qxd3 Rxd3 36. e5 Rd2 37. Re2 Rd1+ 38. Kf2 g5 39. Rb5 gxf4 40. gxf4 Bh6 41. Kg3 Rd3+ 42. Kg4 Bg7 43. Kf5 Rf8+ 44. Kg5 Rf3 45. Re4 Rf2 46. h3 Rg2+ 47. Kh4 Rf2 48. Kg3 Rf1 49. e6 Re8 50. f5 Bf6 51. Kg2 Rc1 52. Rb7 Rc2+ 53. Kf3 Re7 54. Rb8+ Kg7 55. Rg4+ Kh6 56. Rf8 Bg5 57. Rf7 Rxf7 58. exf7 Rc8 59. h4 Bf6 60. Rg8 1-0

[Event "January 2 Early 2024"]
[Site "https://www.chess.com"]
[Date "2024.01.02"]
[Round "6"]
[White "Gulamirian, Korun"]
[Black "Cardozo Munar, Carlos Eduardo"]
[Result "0-1"]
[Board "197"]
[TimeControl "180+1"]
[WhiteFideId "4144899"]
[BlackFideId "4409477"]
[WhiteElo "1573"]
[BlackElo "2283"]
[WhiteTeam "RUS"]
[BlackTeam "COL"]
[WhiteClock "0:00:00"]
[BlackClock "0:00:56"]

1. e4 e6 2. d4 d5 3. Nd2 c5 4. exd5 Qxd5 5. dxc5 Bxc5 6. Ngf3 Nc6 7. Bc4 Qh5 8. O-O Nf6 9. c3 a6 10. b4 Ba7 11. a4 b5 12. axb5 axb5 13. Be2 Bb7 14. Ra3 O-O 15. Bxb5 Qxb5 16. Nb3 Qh5 17. Bf4 Bxf2+ 18. Rxf2 Rxa3 19. b5 Na5 20. Nbd4 Rxc3 21. Qa1 Rxf3 22. Nxf3 Qxb5 23. Rb2 Qc5+ 24. Kh1 Ne4 25. h3 h6 26. Ne5 Qd4 27. Ra2 Nf2+ 28. Kh2 Qxf4+ 29. g3 Qe4 30. Rxf2 Nb3 0-1

[Event "January 2 Early 2024"]
[Site "https://www.chess.com"]
[Date "2024.01.02"]
[Round "6"]
[White "Sava, Christiansen-Danut-Eugen"]
[Black "Refrigerator1955"]
[Result "1-0"]
[Board "198"]
[TimeControl "180+1"]
[WhiteFideId "1210114"]
[WhiteElo "2232"]
[BlackElo "2016"]
[WhiteTeam "ROU"]
[WhiteClock "0:01:12"]
[BlackClock "0:00:00"]

1. d4 d5 2. c4 c6 3. Nf3 Nf6 4. g3 Bf5 5. Nc3 e6 6. Qb3 Qb6 7. c5 Qxb3 8. axb3 Na6 9. Nh4 Bc2 10. Ra3 Be7 11. Kd2 Bg6 12. Bg2 O-O 13. Nxg6 hxg6 14. Na2 Nc7 15. Nc3 b6 16. b4 bxc5 17. bxc5 Rfb8 18. Kc2 Nb5 19. Nxb5 Rxb5 20. b3 Nd7 21. Bf4 e5 22. dxe5 Bxc5 23. Ra6 Rc8 24. Bh3 Rb7 25. e6 fxe6 26. Bxe6+ Kf8 27. h4 Re8 28. Bg4 Nf6 29. Bf3 Ne4 30. Rxc6 Nxf2 31. Rf1 Bd4 32. Bd6+ Kg8 33. Bxd5+ Kh7 34. Bc4 Ne4 35. Bf4 Rf8 36. e3 Bf6 37. Rd1 Be7 38. Bd3 Nf6 39. g4 1-0

[Event "January 2 Early 2024"]
[Site "https://www.chess.com"]
[Date "2024.01.02"]
[Round "6"]
[White "Zainullina, Nataliya"]
[Black "neri_gaite"]
[Result "1-0"]
[Board "199"]
[TimeControl "180+1"]
[WhiteFideId "4145488"]
[WhiteElo "2193"]
[BlackElo "2022"]
[WhiteTeam "RUS"]
[WhiteClock "0:00:32"]
[BlackClock "0:01:09"]

1. e4 e6 2. d4 d5 3. Nd2 dxe4 4. Nxe4 Nd7 5. Nf3 Ngf6 6. Nxf6+ Nxf6 7. Bd3 c5 8. O-O cxd4 9. Nxd4 a6 10. Be3 Be7 11. Re1 O-O 12. c3 Nd5 13. Bd2 Qc7 14. Qh5 Nf6 15. Qf3 b6 16. Bf4 Qb7 17. Qe2 Nd5 18. Bd2 Qc7 19. Qe4 Nf6 20. Qxa8 Bb7 21. Qa7 Ra8 22. Bf4 Qc8 23. Qxb6 Bc5 24. Qc7 Nd5 25. Qxc8+ Rxc8 26. Bg3 Bxd4 27. cxd4 Nb4 28. Be4 Bd5 29. Bxd5 exd5 30. Rac1 Rd8 31. Re3 Nxa2 32. Ra1 Nb4 33. Rc3 h5 34. f3 Re8 35. Kf2 Re6 36. Ra4 Rb6 37. Rb3 a5 38. Bc7 Nd3+ 39. Rxd3 Rxb2+ 40. Ke3 g5 41. Bxa5 g4 42. fxg4 hxg4 43. Rc3 Rxg2 44. Kf4 f5 45. Bc7 Kf7 46. Be5 Rxh2 47. Rc7+ Kg6 48. Ra6+ Kh5 49. Rh7# 1-0

[Event "January 2 Early 2024"]
[Site "https://www.chess.com"]
[Date "2024.01.02"]
[Round "6"]
[White "Tilahun , Abel Mathewos"]
[Black "Babayeva, Nasrin"]
[Result "1-0"]
[Board "200"]
[TimeControl "180+1"]
[WhiteFideId "15702391"]
[BlackFideId "13416626"]
[WhiteElo "2067"]
[BlackElo "1806"]
[WhiteTeam "ETH"]
[BlackTeam "AZE"]
[WhiteClock "0:01:16"]
[BlackClock "0:00:16"]

1. d4 d6 2. c4 e5 3. Nc3 exd4 4. Qxd4 Nc6 5. Qd1 g6 6. Nf3 Bg7 7. g3 Nge7 8. Bg2 O-O 9. O-O Be6 10. Nd5 h6 11. Be3 Bxb2 12. Rb1 Bg7 13. Rxb7 Bxd5 14. cxd5 Na5 15. Rb1 Nc4 16. Bd4 Nf5 17. Bxg7 Nxg7 18. Qc1 Nb6 19. Qxh6 Nf5 20. Qd2 Re8 21. Bh3 Qf6 22. Rbc1 Re7 23. Rfe1 Rae8 24. Bf1 1-0

[Event "January 2 Early 2024"]
[Site "https://www.chess.com"]
[Date "2024.01.02"]
[Round "6"]
[White "Castillo Pena, Patricia Evarista"]
[Black "Riff, Vincent"]
[Result "0-1"]
[Board "201"]
[TimeControl "180+1"]
[WhiteFideId "6412106"]
[BlackFideId "617776"]
[WhiteElo "1923"]
[BlackElo "2676"]
[WhiteTeam "DOM"]
[BlackTeam "FRA"]
[WhiteClock "0:00:00"]
[BlackClock "0:00:41"]

1. d4 Nf6 2. Nf3 c5 3. e3 d5 4. Bd3 Nc6 5. b3 Bg4 6. Bb2 e6 7. Nbd2 Bd6 8. O-O Qc7 9. c4 Bxh2+ 10. Kh1 cxd4 11. exd4 Bf4 12. cxd5 Nxd5 13. Rc1 Bxf3 14. Nxf3 Bxc1 15. Qxc1 Qf4 16. Qc5 Nde7 17. Ne5 O-O 18. Nxc6 Nxc6 19. Qh5 Qh6 20. Qxh6 gxh6 21. Re1 Rad8 22. Re4 f5 23. Rxe6 Nxd4 24. Rxh6 b5 25. Rh4 Nf3 26. gxf3 Rxd3 27. Rf4 Rd2 28. Ba3 Rf7 29. Kg2 Rxa2 30. Bc5 Ra6 31. b4 Rg6+ 32. Kf1 a6 33. Ke2 Re6+ 34. Kd2 Rd7+ 35. Kc3 Re5 36. Rd4 Rxd4 37. Kxd4 Re2 38. f4 h5 39. Kd3 Re4 40. Be3 h4 41. Bc5 h3 42. f3 Re1 43. Kd2 Rb1 0-1

[Event "January 2 Early 2024"]
[Site "https://www.chess.com"]
[Date "2024.01.02"]
[Round "6"]
[White "Pesotskiy, Mikhail"]
[Black "Kekic, Armin"]
[Result "1/2-1/2"]
[Board "202"]
[TimeControl "180+1"]
[WhiteFideId "34164453"]
[BlackFideId "14401274"]
[WhiteElo "2491"]
[BlackElo "2272"]
[WhiteTeam "RUS"]
[BlackTeam "BIH"]
[WhiteClock "0:00:36"]
[BlackClock "0:00:57"]

1. d4 d6 2. c4 Nc6 3. Nc3 e5 4. d5 Nce7 5. e4 Ng6 6. g3 Be7 7. h4 Nf6 8. h5 Nf8 9. Be2 h6 10. Nh3 N8h7 11. Be3 b6 12. f3 a5 13. g4 Nd7 14. Qd2 Bh4+ 15. Kd1 Bg5 16. Nxg5 hxg5 17. Kc2 f6 18. Nd1 a4 19. Bf2 Nc5 20. Ne3 Bd7 21. b4 axb3+ 22. axb3 Kf7 23. Qc3 Qe7 24. Rhb1 Rhb8 25. Be1 Qe8 26. Nd1 Nf8 27. Qd2 Rxa1 28. Rxa1 Ra8 29. Qc1 Qb8 30. Nc3 Ra7 31. Rxa7 Qxa7 32. Kb2 g6 33. hxg6+ Nxg6 34. b4 Na4+ 35. Nxa4 Qxa4 36. Bd1 Qa7 37. Qa1 Qxa1+ 38. Kxa1 Ke7 39. Kb2 Nf4 40. Kc3 Ng2 41. Bd2 Nf4 42. Be3 Ng2 43. Bf2 Nf4 44. c5 bxc5 45. bxc5 Bb5 46. c6 Be2 47. Bxe2 Nxe2+ 48. Kd2 Nf4 49. Kc3 Kd8 50. Be3 Ng6 51. Kd2 Kc8 52. Ke2 Kb8 53. Kf2 Kc8 54. Kf1 Kb8 55. Kf2 Kc8 56. Kf1 Nh4 57. Kf2 Kd8 58. Kg3 Ng6 59. Kf2 Kc8 1/2-1/2

[Event "January 2 Early 2024"]
[Site "https://www.chess.com"]
[Date "2024.01.02"]
[Round "6"]
[White "Arshiya Das"]
[Black "Alimpic, Aleksa"]
[Result "1/2-1/2"]
[Board "203"]
[TimeControl "180+1"]
[WhiteFideId "25652150"]
[BlackFideId "974323"]
[WhiteElo "2239"]
[BlackElo "2487"]
[WhiteTeam "IND"]
[BlackTeam "SRB"]
[WhiteClock "0:00:18"]
[BlackClock "0:00:03"]

1. e4 c5 2. Nf3 d6 3. d4 cxd4 4. Nxd4 Nf6 5. Nc3 Nc6 6. f4 g6 7. Nf3 Bg7 8. Bd3 O-O 9. O-O a6 10. Kh1 b5 11. Qe1 Be6 12. a3 b4 13. axb4 Nxb4 14. Nd4 Nxd3 15. cxd3 Bd7 16. Be3 e5 17. fxe5 dxe5 18. Nf3 Ng4 19. Bg1 Qb8 20. Rb1 Bb5 21. h3 Nf6 22. Bh2 Nh5 23. Qd2 Rd8 24. Nd5 Rxd5 25. exd5 Qd6 26. Rbe1 f6 27. Qe3 Qxd5 28. g4 Nf4 29. Bxf4 exf4 30. Qxf4 Qxd3 31. Rf2 Bc6 32. Kg2 Rf8 33. Rc1 Qd5 34. Qc4 Qxc4 35. Rxc4 Bb5 36. Rc7 f5 37. g5 f4 38. Rd2 h6 39. h4 hxg5 40. hxg5 Re8 41. b3 Bf8 42. Rdc2 Re3 43. R7c3 Re8 44. Rc8 Re3 45. R8c3 Re8 46. Nd4 Bd7 47. Rc7 Bg4 48. R7c6 Kg7 49. Rc7+ Kg8 50. R7c6 Kg7 51. Rxa6 f3+ 52. Kf2 Bh5 53. Rc7+ Kg8 54. Raa7 Kh8 55. Rh7+ Kg8 56. Rhc7 Rd8 57. Rd7 Rc8 58. Rdc7 Rd8 59. Rd7 Rc8 60. Rdc7 Rd8 1/2-1/2

[Event "January 2 Early 2024"]
[Site "https://www.chess.com"]
[Date "2024.01.02"]
[Round "6"]
[White "Musalov, Ruslan"]
[Black "Gutierrez Carmona, Juan Alejandro"]
[Result "1-0"]
[Board "204"]
[TimeControl "180+1"]
[WhiteFideId "4141490"]
[BlackFideId "5106770"]
[WhiteElo "2428"]
[BlackElo "2192"]
[WhiteTeam "RUS"]
[BlackTeam "MEX"]
[WhiteClock "0:00:55"]
[BlackClock "0:00:00"]

1. e4 e5 2. Nf3 Nc6 3. d4 exd4 4. Nxd4 Nf6 5. Nxc6 bxc6 6. Nc3 Bb4 7. Bd3 O-O 8. O-O d5 9. exd5 cxd5 10. Bg5 c6 11. Qf3 h6 12. Bxf6 Qxf6 13. Qxf6 gxf6 14. Ne2 c5 15. b3 Re8 16. Ng3 Bc3 17. Rad1 Bg4 18. f3 Be6 19. Nf5 Bxf5 20. Bxf5 Bd4+ 21. Kh1 Re2 22. Bd3 Re3 23. g4 Rae8 24. Kg2 Kg7 25. h4 R8e7 26. f4 Kf8 27. Rf3 Rxf3 28. Kxf3 Re3+ 29. Kg2 Ke7 30. Rf1 Kd6 31. Kh2 Bc3 32. Kg2 Bd4 33. h5 a5 34. g5 fxg5 35. fxg5 hxg5 36. Rxf7 Re6 37. Bf5 Rf6 38. Rd7+ Ke5 39. Bg4 Kf4 40. Kh3 1-0

[Event "January 2 Early 2024"]
[Site "https://www.chess.com"]
[Date "2024.01.02"]
[Round "6"]
[White "Ambrogi, Agustin"]
[Black "Floresvillar Gonzalez, Luis Migu"]
[Result "1-0"]
[Board "205"]
[TimeControl "180+1"]
[WhiteFideId "170933"]
[BlackFideId "5100542"]
[WhiteElo "2405"]
[BlackElo "2164"]
[WhiteTeam "ARG"]
[BlackTeam "MEX"]
[WhiteClock "0:02:32"]
[BlackClock "0:00:11"]

1. e4 d5 2. Nc3 d4 3. Nce2 c5 4. c3 Nc6 5. Nf3 e5 6. Ng3 g6 7. Bb5 Bg7 8. O-O Ne7 9. a3 a6 10. Bc4 b5 11. Ba2 O-O 12. d3 Be6 13. Bxe6 fxe6 14. Ng5 Qd7 15. Qg4 Nd8 16. h4 a5 17. h5 Ra6 18. Nxh7 Kxh7 19. hxg6+ Nxg6 20. Qh5+ Kg8 21. Qxg6 Qf7 22. Qg4 Nc6 23. Nh5 Ne7 24. Bh6 Ng6 25. Nxg7 Rb8 26. Nh5 Kh7 27. Bg5 Rh8 28. f4 Nxf4 29. Nxf4 exf4 30. Rxf4 Qg6 31. Rf6 Qg7 32. Raf1 e5 33. Rxa6 Rg8 34. Qh5+ 1-0

[Event "January 2 Early 2024"]
[Site "https://www.chess.com"]
[Date "2024.01.02"]
[Round "6"]
[White "Thiel, Thomas"]
[Black "Agrest, Inna"]
[Result "1-0"]
[Board "206"]
[TimeControl "180+1"]
[WhiteFideId "4615964"]
[BlackFideId "1708830"]
[WhiteElo "2156"]
[BlackElo "2390"]
[WhiteTeam "GER"]
[BlackTeam "SWE"]
[WhiteClock "0:01:29"]
[BlackClock "0:00:08"]

1. e4 e5 2. Nf3 Nc6 3. d4 exd4 4. Nxd4 Nf6 5. Nxc6 bxc6 6. e5 Qe7 7. Qe2 Nd5 8. h4 a5 9. g3 Ba6 10. c4 Nb6 11. b3 d6 12. Bb2 O-O-O 13. Bg2 d5 14. Ba3 Qe6 15. cxd5 Bxe2 16. dxe6 Bxa3 17. Nxa3 Bg4 18. exf7 Nd5 19. O-O Be6 20. Nc4 a4 21. Na5 c5 22. Nc6 Rd7 23. Rac1 Rxf7 24. Rxc5 Nb6 25. bxa4 Nxa4 26. Ra5 Nb6 27. Ra7 Re8 28. a4 Bd5 29. a5 Bxg2 30. Kxg2 Nc4 31. Ra8+ Kd7 32. Rxe8 Kxe8 33. Rd1 Rd7 34. Rc1 Nd2 35. a6 Rd3 36. a7 Ra3 37. Rd1 Ne4 38. Rd8+ Kf7 39. a8=Q 1-0

[Event "January 2 Early 2024"]
[Site "https://www.chess.com"]
[Date "2024.01.02"]
[Round "6"]
[White "Marcziter, Dmitrii"]
[Black "Petersson, Kjell"]
[Result "1-0"]
[Board "207"]
[TimeControl "180+1"]
[WhiteFideId "13900765"]
[BlackFideId "1705148"]
[WhiteElo "2382"]
[BlackElo "2146"]
[WhiteTeam "GER"]
[BlackTeam "SWE"]
[WhiteClock "0:01:13"]
[BlackClock "0:00:09"]

1. d4 f5 2. g3 Nf6 3. Bg2 e6 4. Nh3 d5 5. O-O Bd6 6. Bf4 Be7 7. Be5 O-O 8. Nd2 c5 9. e3 Nc6 10. Nf3 h6 11. Nf4 Kh7 12. h4 Ng4 13. h5 Ncxe5 14. dxe5 Qc7 15. Ng6 Rf7 16. c4 dxc4 17. a4 Rb8 18. Qc2 b5 19. axb5 Rxb5 20. Ra2 Rb4 21. Rfa1 a6 22. e4 Qb6 23. exf5 exf5 24. Rd1 Be6 25. Nxe7 Rxe7 26. Rd6 Qb5 27. Rxe6 Rf7 28. Rexa6 Qe8 29. e6 Rf8 30. Nh4 Qxh5 31. e7 Rf6 32. Rxf6 Nxf6 33. Qxf5+ Qxf5 34. Nxf5 Kg6 35. Nd6 Rb8 36. Bc6 Kh7 37. e8=Q Nxe8 38. Bxe8 Rxe8 39. Nxe8 1-0

[Event "January 2 Early 2024"]
[Site "https://www.chess.com"]
[Date "2024.01.02"]
[Round "6"]
[White "Gerbelli Neto, Eduardo"]
[Black "Viana, Valeria"]
[Result "1-0"]
[Board "208"]
[TimeControl "180+1"]
[WhiteFideId "2103281"]
[BlackFideId "8407100"]
[WhiteElo "2335"]
[BlackElo "2136"]
[WhiteTeam "BRA"]
[BlackTeam "HON"]
[WhiteClock "0:00:35"]
[BlackClock "0:00:04"]

1. e4 c6 2. d4 d5 3. exd5 cxd5 4. c4 Nf6 5. Nc3 Nc6 6. Nf3 Bg4 7. cxd5 Nxd5 8. Qb3 Bxf3 9. gxf3 e6 10. Qxb7 Nxd4 11. Bb5+ Nxb5 12. Qc6+ Ke7 13. Qxb5 Nxc3 14. bxc3 Rb8 15. Qc5+ Ke8 16. Qxa7 Bd6 17. Qa4+ Ke7 18. Be3 Qc7 19. Qh4+ f6 20. O-O Rb5 21. Rfe1 Rf5 22. Qg4 Kf7 23. Rad1 Bxh2+ 24. Kg2 Be5 25. c4 Qc6 26. Qe4 Qxe4 27. fxe4 Rh5 28. Rd7+ Kg6 29. Kf3 f5 30. exf5+ Rxf5+ 31. Ke4 Rhf8 32. Rg1+ Kf6 33. Rgxg7 Rh5 34. Rxh7 Rxh7 35. Rxh7 Bb2 36. Rb7 Rc8 37. Rxb2 Rxc4+ 38. Kd3 1-0

[Event "January 2 Early 2024"]
[Site "https://www.chess.com"]
[Date "2024.01.02"]
[Round "6"]
[White "Shubhi Gupta"]
[Black "Zepeda Berlanga, Jan Enrique"]
[Result "1-0"]
[Board "209"]
[TimeControl "180+1"]
[WhiteFideId "25195425"]
[BlackFideId "5132355"]
[WhiteElo "2279"]
[BlackElo "1956"]
[WhiteTeam "IND"]
[BlackTeam "MEX"]
[WhiteClock "0:00:13"]
[BlackClock "0:00:03"]

1. d4 Nf6 2. Nf3 g6 3. Nc3 Bg7 4. e4 d5 5. e5 Ne4 6. Nxe4 dxe4 7. Ng5 f5 8. Bc4 e6 9. Nxe6 Bxe6 10. Bxe6 c5 11. c3 Nc6 12. Be3 Qb6 13. Bb3 cxd4 14. cxd4 Nb4 15. O-O O-O-O 16. d5 Qa5 17. a3 Nxd5 18. Rc1+ Nc7 19. Qc2 Bxe5 20. Rfe1 Kb8 21. Bc4 Nd5 22. Bxd5 Rxd5 23. Qc4 Rhd8 24. g3 R5d7 25. Qa2 Rc7 26. b4 Rxc1 27. Rxc1 Qd5 28. Qc2 a6 29. Bb6 Re8 30. Rd1 Qc6 31. Bc5 Bc7 32. Qb3 b5 33. Be3 g5 34. Rc1 Qf6 35. Qc2 Rc8 36. Qc5 Qe6 37. Qa7# 1-0

[Event "January 2 Early 2024"]
[Site "https://www.chess.com"]
[Date "2024.01.02"]
[Round "7"]
[White "Mamedyarov, Shakhriyar"]
[Black "Corrales Jimenez, Fidel"]
[Result "1-0"]
[Board "1"]
[TimeControl "180+1"]
[WhiteFideId "13401319"]
[BlackFideId "3506690"]
[WhiteElo "3068"]
[BlackElo "2946"]
[WhiteTeam "AZE"]
[BlackTeam "USA"]
[WhiteClock "0:00:34"]
[BlackClock "0:00:00"]

1. d4 Nf6 2. Bg5 Ne4 3. Bf4 c5 4. f3 Qa5+ 5. c3 Nf6 6. d5 d6 7. e4 Qd8 8. c4 e6 9. Nc3 exd5 10. exd5 Be7 11. Bd3 Nh5 12. Be3 Bg5 13. Qd2 Qe7 14. Kf2 Bxe3+ 15. Qxe3 Qxe3+ 16. Kxe3 O-O 17. Nb5 Re8+ 18. Kd2 Na6 19. Nxd6 Rd8 20. Nxc8 Raxc8 21. Ne2 b5 22. b3 bxc4 23. bxc4 Nb4 24. a3 Nxd3 25. Kxd3 Rd6 26. Rhb1 Re8 27. Rb5 Nf6 28. Nc3 Nd7 29. f4 Rg6 30. g3 Rh6 31. Ra2 g5 32. Rb7 gxf4 33. gxf4 Rh3+ 34. Kc2 Ree3 35. Rxd7 Rxc3+ 36. Kd1 Rxc4 37. Rd2 Kg7 38. d6 Rxa3 39. Re7 Ra1+ 40. Ke2 Rh1 41. Kf3 Rc3+ 42. Kg2 Rcc1 43. d7 Rcf1 44. Re3 Rhg1+ 45. Kh3 1-0

[Event "January 2 Early 2024"]
[Site "https://www.chess.com"]
[Date "2024.01.02"]
[Round "7"]
[White "Sadhwani, Raunak"]
[Black "Rustemov, Alexander"]
[Result "1-0"]
[Board "2"]
[TimeControl "180+1"]
[WhiteFideId "35093487"]
[BlackFideId "4119002"]
[WhiteElo "3082"]
[BlackElo "2875"]
[WhiteTeam "IND"]
[BlackTeam "RUS"]
[WhiteClock "0:00:13"]
[BlackClock "0:00:00"]

1. e4 e6 2. d4 d5 3. Nc3 dxe4 4. Nxe4 Bd7 5. Nf3 Bc6 6. Bd3 Nd7 7. O-O Ngf6 8. Qe2 Nxe4 9. Bxe4 Bxe4 10. Qxe4 c6 11. c4 Bd6 12. Rd1 O-O 13. g3 Qf6 14. Kg2 Rfe8 15. Bg5 Qg6 16. Qxg6 hxg6 17. h4 f6 18. Be3 Kf7 19. Nd2 Rad8 20. Ne4 Be7 21. Rac1 a6 22. b3 f5 23. Ng5+ Bxg5 24. Bxg5 Nf6 25. Kf3 Rd7 26. Be3 Red8 27. Ke2 Ne4 28. Rd3 e5 29. Rcd1 exd4 30. Bxd4 c5 31. Bb2 Rxd3 32. Rxd3 Rxd3 33. Kxd3 Nxf2+ 34. Ke3 Ne4 35. Kf4 Nf2 36. Ba3 Nd3+ 37. Ke3 Nb4 38. Bxb4 cxb4 39. Kd4 g5 40. hxg5 Kg6 41. Kc5 Kxg5 42. Kb6 Kg4 43. Kxb7 Kxg3 44. c5 f4 45. c6 f3 46. c7 f2 47. c8=Q f1=Q 48. Qc7+ Kf3 49. Qxg7 Qb5+ 50. Ka7 Ke3 51. Qe7+ Kd2 52. Qb7 Qc5+ 53. Kxa6 Kc2 54. Qb6 Qd6 55. Qxd6 1-0

[Event "January 2 Early 2024"]
[Site "https://www.chess.com"]
[Date "2024.01.02"]
[Round "7"]
[White "Navara, David"]
[Black "Carlsen, Magnus"]
[Result "1/2-1/2"]
[Board "3"]
[TimeControl "180+1"]
[WhiteFideId "309095"]
[BlackFideId "1503014"]
[WhiteElo "2984"]
[BlackElo "3369"]
[WhiteTeam "CZE"]
[BlackTeam "NOR"]
[WhiteClock "0:01:32"]
[BlackClock "0:01:06"]

1. d4 a6 2. e4 e6 3. Nf3 d5 4. Nbd2 c5 5. exd5 exd5 6. c4 Nf6 7. cxd5 cxd4 8. Bc4 Bd6 9. O-O O-O 10. Bb3 b5 11. a4 Bb7 12. axb5 axb5 13. Rxa8 Bxa8 14. Nxd4 Nxd5 15. Nxb5 Be7 16. Nf3 Bf6 17. Re1 h6 18. h3 Na6 19. Bc4 Nc5 20. b3 Nc3 21. Qxd8 Rxd8 22. Be3 Nd3 23. Bxd3 Rxd3 24. Nxc3 Bxc3 25. Rc1 Bd5 26. Ne1 Bxe1 27. Rxe1 Rxb3 28. Kh2 f5 29. Rd1 Rb5 30. Rc1 g5 31. Rc5 Rxc5 32. Bxc5 Kf7 33. f3 Kg6 34. Be3 f4 35. Bf2 Kf5 36. Bc5 h5 37. Bf8 g4 38. hxg4+ hxg4 39. fxg4+ Kxg4 40. Bd6 Bxg2 41. Kxg2 f3+ 42. Kf2 Kh5 43. Kxf3 1/2-1/2

[Event "January 2 Early 2024"]
[Site "https://www.chess.com"]
[Date "2024.01.02"]
[Round "7"]
[White "Nakamura, Hikaru"]
[Black "Bok, Benjamin"]
[Result "1-0"]
[Board "4"]
[TimeControl "180+1"]
[WhiteFideId "2016192"]
[BlackFideId "1017063"]
[WhiteElo "3232"]
[BlackElo "2953"]
[WhiteTeam "USA"]
[BlackTeam "NED"]
[WhiteClock "0:00:39"]
[BlackClock "0:00:11"]

1. Nf3 d5 2. g3 g6 3. Bg2 Bg7 4. d4 Nf6 5. O-O O-O 6. c4 c6 7. Nbd2 a5 8. b3 Bf5 9. Bb2 b5 10. a4 bxc4 11. bxc4 Ne4 12. Rc1 Na6 13. Ne5 Qb6 14. Ba3 Nb4 15. e3 Bxe5 16. dxe5 Rfd8 17. cxd5 cxd5 18. Nb3 Na2 19. Nd4 Nxc1 20. Qxc1 Rac8 21. Qa1 Re8 22. Rb1 Qc7 23. Bb2 Qc2 24. Rf1 Rb8 25. Nxc2 1-0

[Event "January 2 Early 2024"]
[Site "https://www.chess.com"]
[Date "2024.01.02"]
[Round "7"]
[White "Vachier-Lagrave, Maxime"]
[Black "Drygalov, Sergey"]
[Result "1-0"]
[Board "5"]
[TimeControl "180+1"]
[WhiteFideId "623539"]
[BlackFideId "24171743"]
[WhiteElo "3182"]
[BlackElo "2952"]
[WhiteTeam "FRA"]
[BlackTeam "RUS"]
[WhiteClock "0:01:27"]
[BlackClock "0:00:17"]

1. e4 c6 2. d4 d5 3. e5 Bf5 4. Nf3 e6 5. Be2 Nd7 6. O-O h6 7. Nbd2 Ne7 8. Nb3 g5 9. Ne1 Bg7 10. Nd3 O-O 11. f4 Ng6 12. fxg5 hxg5 13. Bg4 Bxd3 14. Qxd3 c5 15. Bxe6 Ndxe5 16. dxe5 Nxe5 17. Qxd5 fxe6 18. Qxe6+ Rf7 19. Be3 b6 20. Rad1 Qe7 21. Qxe7 Rxe7 22. Bxg5 Re6 23. c3 Rae8 24. Nc1 Nc4 25. Nd3 a5 26. a4 Rd6 27. Bc1 Rde6 28. h3 R6e7 29. Nf4 Rf7 30. Nd5 Rxf1+ 31. Kxf1 Rd8 32. Ne7+ 1-0

[Event "January 2 Early 2024"]
[Site "https://www.chess.com"]
[Date "2024.01.02"]
[Round "7"]
[White "Santos Latasa, Jaime"]
[Black "Firouzja, Alireza"]
[Result "0-1"]
[Board "6"]
[TimeControl "180+1"]
[WhiteFideId "2293307"]
[BlackFideId "12573981"]
[WhiteElo "2947"]
[BlackElo "3154"]
[WhiteTeam "ESP"]
[BlackTeam "FRA"]
[WhiteClock "0:01:10"]
[BlackClock "0:01:55"]

1. Nf3 Nf6 2. c4 g6 3. Nc3 Bg7 4. e4 d6 5. d4 O-O 6. Be2 e5 7. O-O Na6 8. Re1 Bg4 9. d5 Nc5 10. h3 Bd7 11. Qc2 a5 12. Bg5 h6 13. Be3 Nh5 14. Qd2 Kh7 15. g4 Nf4 16. Bxf4 exf4 17. Qxf4 Qf6 18. Qe3 Rae8 19. Rad1 Qd8 20. Bd3 f5 21. gxf5 Bxf5 22. Nd4 Bxd4 23. Qxd4 Qg5+ 24. Kh2 Qf4+ 25. Kg2 Bxh3+ 26. Kxh3 Qf3+ 27. Kh2 Rf4 0-1

[Event "January 2 Early 2024"]
[Site "https://www.chess.com"]
[Date "2024.01.02"]
[Round "7"]
[White "Aronian, Levon"]
[Black "Praggnanandhaa R"]
[Result "1-0"]
[Board "7"]
[TimeControl "180+1"]
[WhiteFideId "13300474"]
[BlackFideId "25059530"]
[WhiteElo "3103"]
[BlackElo "2945"]
[WhiteTeam "USA"]
[BlackTeam "IND"]
[WhiteClock "0:00:10"]
[BlackClock "0:00:00"]

1. e4 e5 2. Bc4 Nf6 3. d3 Nc6 4. Nc3 Bb4 5. Nf3 Bxc3+ 6. bxc3 d6 7. O-O h6 8. a4 O-O 9. Bb3 Re8 10. c4 Ne7 11. h3 Ng6 12. Re1 Be6 13. a5 Nd7 14. c3 Nf6 15. d4 c5 16. d5 Bd7 17. Bc2 Qc7 18. Nh2 b6 19. axb6 axb6 20. Rb1 Red8 21. Nf1 Rdb8 22. Qf3 Qd8 23. Ng3 Nh7 24. Nf5 Qf6 25. g3 b5 26. cxb5 Rxb5 27. Be3 Ne7 28. h4 Nxf5 29. exf5 e4 30. Bxe4 Qxc3 31. Rec1 Rxb1 32. Bxb1 Qb3 33. Bc2 Qb2 34. g4 Ra3 35. Qd1 Qe5 36. Rb1 Ra8 37. Qf3 Nf6 38. g5 hxg5 39. hxg5 Qxd5 40. Bd1 Ne4 41. f6 Bc6 42. Bc2 Nxg5 43. Qxd5 Bxd5 44. Bxg5 gxf6 45. Bxf6 1-0